 Dungeon Crawl Stone Soup version 0.24.0-1-gfbc8707 (webtiles) character file.

Game seed: 276886501216888466, levelgen mode: deterministic

108 Copingsaw the Skirmisher (level 4, 0/29 HPs)
             Began as a Gargoyle Monk on Nov 2, 2019.
             Slain by Natasha (5 damage)
             ... on level 2 of the Dungeon.
             The game lasted 00:04:06 (2519 turns).

Copingsaw the Skirmisher (Gargoyle Monk)            Turns: 2519, Time: 00:04:07

Health: 0/29       AC:  5    Str: 16    XL:     4   Next: 87%
Magic:  4/4        EV: 13    Int: 10    God:
Gold:   83         SH:  0    Dex: 12    Spells: 3/3 levels left

rFire    . . .     SeeInvis .   a - +0 hand axe
rCold    . . .     Gourm    .   (no shield)
rNeg     + . .     Faith    .   b - +0 robe
rPois    ∞         Spirit   .   (no helmet)
rElec    +         Reflect  .   (no cloak)
rCorr    .         Harm     .   (no gloves)
MR       .....                  (no boots)
Stlth    ++........             (no amulet)
HPRegen  0.09/turn              (no ring)
MPRegen  0.09/turn              (no ring)

@: hasted, very quick
A: negative energy resistance 1, electricity resistance, unbreathing,
petrification resistance, rot immunity, AC +3
a: no special abilities


You were on level 2 of the Dungeon.
You were not hungry.

You visited 1 branch of the dungeon, and saw 2 of its levels.

You collected 83 gold pieces.

Inventory:

Hand Weapons
 a - a +0 hand axe (weapon)
Armour
 b - a +0 robe (worn)
Scrolls
 d - a scroll of fear {unknown}
 e - 2 scrolls of teleportation
 h - a scroll of remove curse
 l - a scroll of amnesia {unknown}
Potions
 c - a potion of ambrosia {unknown}
 f - a potion of haste
 i - a potion of brilliance {unknown}
 j - a potion of curing
 k - a potion of mutation {unknown}
Comestibles
 g - a ration


   Skills:
 + Level 4.1 Fighting
 + Level 3.3 Axes
 + Level 3.0 Dodging
 + Level 3.3 Stealth


You had 3 spell levels left.
You didn't know any spells.
Your spell library was empty.

Dungeon Overview and Level Annotations

Branches:
Dungeon (2/15)

Altars:
Gozag
Nemelex Xobeh

Annotations:
D:2 Natasha


Innate Abilities, Weirdness & Mutations

You are resistant to torment.
Your stone body is resilient. (AC +3)
You are immune to poison.
You resist negative energy. (rN+)
You are resistant to electric shocks. (rElec)
You can survive without breathing.
You are immune to petrification.
You are immune to rotting.


Message History

You hit Natasha.
Natasha is lightly wounded.
Natasha barely misses you.
You hit Natasha.
Natasha is moderately wounded.
Natasha misses you.
You hit Natasha but do no damage.
Natasha is moderately wounded.
Natasha misses you.
You hit Natasha but do no damage.
Natasha is moderately wounded.
Natasha closely misses you.
You barely miss Natasha.
Natasha is moderately wounded.
Natasha claws you!
* * * LOW HITPOINT WARNING * * *
You hit Natasha.
Natasha is heavily wounded.
Natasha claws you.
You die...

.....#.#.# #..........#
#....#.#.# #..........#
.....#.#.# #..........#
.....#.#.###....#'##...#
.......#........#.# #
...#...#......###.##
...###.#...........#
...###.#...........##
..#.<...........@...#
..#..........####h..#
..#..........# ........
..#..........# ?........
.##..........# ...".....>
.##..........##..........
.##..........##....#.....
.............# ..#.... .


You could see Natasha.

Vanquished Creatures
  Natasha (D:2)
  2 gnolls (D:2)
  An adder (D:2)
  3 oozes (D:1)
  A dart slug (D:1)
  2 giant cockroaches (D:1)
  4 goblins (D:1)
  6 hobgoblins (D:1)
  4 jackals (D:1)
  2 bats (D:1)
  4 frilled lizards (D:1)
  5 kobolds
  7 rats
42 creatures vanquished.

Notes
Turn   | Place    | Note
-------+----------+-------------------------------------------
     0 | D:1      | Copingsaw the Gargoyle Monk began the quest for the Orb.
     0 | D:1      | Reached XP level 1. HP: 14/14 MP: 1/1
     3 | D:1      | Noticed an electric eel
     3 | D:1      | Noticed an electric eel
   156 | D:1      | Reached XP level 2. HP: 19/19 MP: 2/2
   478 | D:1      | Reached XP level 3. HP: 17/23 MP: 3/3
  1366 | D:2      | Noticed Natasha
  1681 | D:2      | Reached XP level 4. HP: 18/29 MP: 4/4
  2077 | D:2      | Reached skill level 4 in Fighting
  2333 | D:2      | Found an opulent altar of Gozag.
  2333 | D:2      | Found a sparkling altar of Nemelex Xobeh.
  2396 | D:2      | Killed Natasha
  2503 | D:2      | Noticed Natasha
  2519 | D:2      | Slain by Natasha

Levels and vault maps discovered:
D:1:      arrival_aquarium_b, layout_loops_cross, st_stairs_4
D:2:      layout_basic, grunt_temple_overflow_opulence, uniq_jessica,
          uniq_natasha

Skill      XL: |  1  2  3  4 |
---------------+-------------+-----
Axes           | 3 |  3.3
Stealth        | 3 |  3.3
Fighting       | 4 |  4.1
Dodging        | 3 |  3.0

Action                   |  1- 3 |  4- 6 || total
-------------------------+-------+-------++-------
Melee: Hand axe          |   125 |    63 ||   188
  Use: Scroll            |       |     4 ||     4
       Potion            |       |     2 ||     2
 Stab: Sleeping          |     4 |       ||     4
  Eat: Ration            |     1 |       ||     1
       Chunk             |       |     2 ||     2
Armor: Robe              |    30 |     7 ||    37
Dodge: Dodged            |   113 |    45 ||   158
